 Dungeon Crawl Stone Soup version 0.14-a0-1097-gc7db7fc (webtiles) character file.

276 MackTheKnife the Twirler (level 4, 0/38 HPs)
             Began as a Draconian Gladiator on Nov 28, 2013.
             Was an Initiate of Kikubaaqudgha.
             Slain by Grinder (10 damage)
             ... on Level 3 of the Dungeon.
             The game lasted 00:04:02 (2610 turns).

MackTheKnife the Twirler (Draconian Gladiator)      Turns: 2610, Time: 00:04:03

HP   0/38        AC  8     Str 18      XL: 4   Next: 96%
MP   3/3         EV 12     Int  8      God: Kikubaaqudgha [......]
Gold 141         SH  0     Dex 12      Spells:  0 memorised,  3 levels left

rFire  . . .     SeeInvis .     k - +2,+3 orc morningstar (venom)
rCold  . . .     Clarity  .     (armour unavailable)
rNeg   . . .     Conserve .     (no shield)
rPois  .         rCorr    .     c - +0 cap
rElec  .         rRot     .     h - +0 cloak
SustAb . .       Spirit   .     m - +0 pair of orc gauntlets
rMut   .         Warding  .     i - +0 pair of elf boots
Saprov . . .     Stasis   .     (no amulet)
                                (no ring)
                                (no ring)

@: slightly resistant to hostile enchantments, unstealthy
A: unfitting armour, AC +5
a: Renounce Religion


You were on level 3 of the Dungeon.
You worshipped Kikubaaqudgha.
Kikubaaqudgha was noncommittal.
You were not hungry.

You visited 1 branch of the dungeon, and saw 3 of its levels.

You collected 141 gold pieces.


   Skills:
 - Level 2.1 Fighting
 + Level 3.1 Maces & Flails
 - Level 5.2 Staves
 - Level 1.7 Throwing
 - Level 2.6 Dodging


You had 3 spell levels left.
You didn't know any spells.

Inventory:

Hand weapons
 a - a +0,+0 quarterstaff
 k - a +2,+3 orcish morningstar of venom (weapon)
Missiles
 d - 3 throwing nets (quivered)
 o - 13 stones
Armour
 c - a +0 cap (worn)
 h - a +0 cloak (worn)
 i - a +0 pair of elven boots (worn)
 m - a +0 pair of orcish gauntlets (worn)
Magical devices
 s - a wand of magic darts (7)
Comestibles
 f - 5 bread rations
 j - a banana
 n - 2 meat rations
 q - a pear
 v - a chunk of goblin flesh {@*1}
Scrolls
 e - a scroll of curse jewellery {unknown}
Potions
 l - 2 potions of lignification {unknown}
 r - a potion of porridge
 t - a potion of flight {unknown}
 u - a potion of curing

▒▒▒▒▒▒▒ ▒······ ▒······ ▒······
░░░ ░░▒▒▒▒▒▒▒▒▒▒▒▒▒▒▒▒▒▒······
░◦◦◦◦ ········(··········%·····
░◦░░░░▒······>·▒▒▒▒▒···········
░◦░ ░▒·······d▒ ▒···········
░◦░ ░········5▒ ▒·····▒▒▒▒▒▒
░◦░ ░◦········▒ ▒·····▒▒▒_▒▒
░◦░ ░◦········▒ ▒······▒▒·▒·
░◦░ ░<········▒ ▒·····▒▒_··· ◦░
░◦◦··%····▒ ▒▒▒▒▒▒▒▒⌠··· ░◦░
░◦◦◦······▒ ▒⌠·▒· ░◦░
░>◦◦◦···?·▒░░ ▒▒·▒_ ░◦░
░◦◦◦◦◦◦◦··· ░░░░░░ ░░ ▒▒▒▒


You could see Grinder.


Message History

Grinder gestures at you. Pain shoots through your body!
* * * LOW HITPOINT WARNING * * *
Drink which item? (? for menu, Esc to quit)
Okay, then.
You barely miss Grinder.
Grinder is moderately wounded.
Grinder gestures at you. Pain shoots through your body!
* * * LOW HITPOINT WARNING * * *
Unknown command.
Drink which item? (? for menu, Esc to quit)
You feel much better. Grinder gestures at you.
You suddenly lose the ability to move!
Grinder hits you!
You writhe in agony.
* * * LOW HITPOINT WARNING * * *
Grinder hits you.
* * * LOW HITPOINT WARNING * * *
You writhe in agony.
* * * LOW HITPOINT WARNING * * *
You can move again.
Drink which item? (? for menu, Esc to quit)
Okay, then.
Read which item? (? for menu, Esc to quit)
As you read the scroll labeled YBUUMY MNORU, it crumbles to dust.
You feel aware of your surroundings.
You sensed 1 altar.
It was a scroll of magic mapping.
Grinder hits you!
You die...
Kikubaaqudgha rasps: "You have failed me!
Welcome... death!"

Action                   |  1- 3 |  4- 6 || total
-------------------------+-------+-------++-------
Melee: Quarterstaff      |   139 |    25 ||   164
       Morningstar       |       |    25 ||    25
  Use: Potion            |     2 |     1 ||     3
       Scroll            |       |     9 ||     9
 Stab: Sleeping          |     2 |     2 ||     4

Vault maps used:
D:1:      dpeg_entry_renting
D:2:      serial_bayou_shore_b, uniq_terence
D:3:      minitemple, first_bread, bloody_makhleb, uniq_grinder, uniq_iyjb

Notes
Turn   | Place    | Note
--------------------------------------------------------------
     0 | D:1      | MackTheKnife, the Draconian Gladiator, began the quest for the Orb.
     0 | D:1      | Reached XP level 1. HP: 18/18 MP: 0/0
   580 | D:1      | Reached XP level 2. HP: 25/25 MP: 1/1
   898 | D:1      | Reached skill level 4 in Staves
   926 | D:2      | Reached XP level 3. HP: 27/30 MP: 2/2
  1266 | D:2      | Noticed Terence
  1290 | D:2      | Killed Terence
  1982 | D:2      | Reached XP level 4. HP: 35/38 MP: 3/3
  2287 | D:3      | Reached skill level 5 in Staves
  2433 | D:3      | Noticed Ijyb
  2434 | D:3      | Found an ancient bone altar of Kikubaaqudgha.
  2440 | D:3      | Killed Ijyb
  2440 | D:3      | Reached skill level 1 in Maces & Flails
  2443 | D:3      | Became a worshipper of Kikubaaqudgha
  2451 | D:3      | Found a shattered altar of Ashenzari.
  2451 | D:3      | Found a snail-covered altar of Cheibriados.
  2454 | D:3      | Found a glowing golden altar of the Shining One.
  2457 | D:3      | Found a glowing silver altar of Zin.
  2481 | D:3      | Reached skill level 2 in Maces & Flails
  2598 | D:3      | Reached skill level 3 in Maces & Flails
  2600 | D:3      | Noticed Grinder
  2607 | D:3      | Paralysed by Grinder for 3 turns
  2610 | D:3      | Slain by Grinder

Vanquished Creatures
  Ijyb (D:3)
  Terence (D:2)
  2 adders (D:3)
  3 worms
  A giant gecko (D:2)
  7 orcs (D:3)
  6 bats
  7 goblins
  11 hobgoblins
  7 kobolds
  5 giant cockroaches
  4 giant newts
  3 rats
58 creatures vanquished.
